 Dungeon Crawl Stone Soup version 0.21.0-3-g78d12a8 (webtiles) character file.

184 komo4ek the Changer (level 5, 0/34 HPs)
             Began as an Octopode Transmuter on Jan 11, 2018.
             Was a Follower of Ru.
             Slain by an orc
             ... wielding a +0 club
              (1 damage)
             ... on level 4 of the Dungeon.
             The game lasted 00:05:06 (4197 turns).

komo4ek the Changer (Octopode Transmuter)           Turns: 4197, Time: 00:05:06

Health: 0/34       AC:  1    Str: 10    XL:     5   Next: 64%
Magic:  9/9        EV: 14    Int: 15    God:    Ru [*.....]
Gold:   222        SH:  0    Dex: 13    Spells: 8/9 levels left

rFire    . . .     SeeInvis .     - Unarmed
rCold    . . .     Gourm    .   (no shield)
rNeg     . . .     Faith    .   (helmet restricted)
rPois    .         Spirit   .   (no amulet)
rElec    .         Reflect  .   (no ring)
rCorr    .         Harm     .   (no ring)
MR       .....                  (no ring)
Stlth    ++........             (no ring)
HPRegen  0.11/turn              (no ring)
MPRegen  0.11/turn              (no ring)
                                (no ring)
                                (no ring)

@: no status effects
A: almost no armour, stealthy swim, amphibious, 8 rings, constrict 8, camouflage
1, gelatinous body 1, hated by all
a: Renounce Religion


You were on level 4 of the Dungeon.
You worshipped Ru.
Ru was aware of your devotion.
You were not hungry.

You visited 1 branch of the dungeon, and saw 4 of its levels.

You collected 222 gold pieces.

Inventory:

Missiles
 a - 58 arrows
Wands
 k - a wand of paralysis (13)
Scrolls
 e - 5 scrolls of identify {unknown}
 g - a scroll of random uselessness {unknown}
 h - 2 scrolls of fog {unknown}
 j - 2 scrolls of magic mapping {unknown}
Potions
 f - a potion of curing
Books
 b - a book of Changes

   Spells                             Type                      Level
   a - Beastly Appendage              Transmutation                1
   b - Sticks to Snakes               Transmutation                2
   c - Spider Form                    Transmutation/Poison         3
   d - Ice Form                       Ice/Transmutation            4
   e - Blade Hands                    Transmutation                5
Comestibles
 c - 2 rations


   Skills:
 + Level 2.1 Fighting
 + Level 2.9 Dodging
 + Level 3.6 Unarmed Combat
 + Level 2.7 Spellcasting
 * Level 3.7 Transmutations


You had 8 spell levels left.
You knew the following spells:

 Your Spells              Type           Power        Failure   Level  Hunger
a - Beastly Appendage     Tmut           ##....       4%          1    #......


Dungeon Overview and Level Annotations

Branches:
Dungeon (4/15)
 Temple: D:4-7

Altars:
Ru
Wu Jian


Innate Abilities, Weirdness & Mutations

You cannot wear most types of armour.
You are very stealthy in the water. (Stealth+)
You are amphibious.
You can wear up to eight rings at the same time.
You can use your tentacles to constrict eight enemies at once.
Your skin changes colour to match your surroundings (Stealth+).
Your rubbery body absorbs attacks. (AC +1, EV +1)
You are hated by all.


Message History

Ru believes you are ready to make a new sacrifice.
Ru asks you to sacrifice your ability to be loved.
This is a major sacrifice.
Piety after sacrifice: *.....
Do you really want to make this sacrifice?
You are now hated by all.
You exude an aura of power that intimidates your foes.
You constrict the orc wizard. The orc misses you. The orc barely misses you.
The orc wizard hits you with an enchanted dagger.
* * * LOW HITPOINT WARNING * * *
The orc hits you with a club.
* * * LOW HITPOINT WARNING * * *
You tentacle-slap the orc wizard.
The orc wizard is almost dead.
You constrict the orc wizard.
You kill the orc wizard!
The orc completely misses you. The orc hits you.
* * * LOW HITPOINT WARNING * * *
The orc wizard gestures wildly while chanting.
The orc wizard blinks!
The orc hits you with a club.
You die...

...# .... ...## .... #
#...# ..... ###
#..#..# .....
..####..# #..# ...ยง..
.).....# #..####......
###...## #....o)..(...
# ##..# #...@o...... #
##.## ####..o##o.... #
#..####.....## ... #
##............... . #
#......##....... #
##..#####.........
##..## #...........
####....##......######
...(.........##.#


You could see an orc wizard and 3 orcs.

Vanquished Creatures
  Jessica (D:2)
  An orc wizard (D:4)
  4 adders
  4 gnolls
  2 worms (D:2)
  2 dart slugs (D:2)
  A leopard gecko (D:1)
  2 orcs (D:3)
  A giant cockroach (D:3)
  10 goblins
  4 hobgoblins
  2 quokkas
  4 bats
  A frilled lizard (D:4)
  6 kobolds
  5 rats
50 creatures vanquished.

Notes
Turn   | Place    | Note
-------+----------+-------------------------------------------
     0 | D:1      | komo4ek the Octopode Transmuter began the quest for the Orb.
     0 | D:1      | Reached XP level 1. HP: 13/13 MP: 3/3
   376 | D:1      | Reached XP level 2. HP: 16/18 MP: 3/5
   895 | D:1      | Reached XP level 3. HP: 23/23 MP: 6/6
  1287 | D:2      | Noticed Jessica
  1301 | D:2      | Killed Jessica
  1301 | D:2      | Reached XP level 4. HP: 24/29 MP: 5/7
  2219 | D:2      | Found an ornate altar of the Wu Jian Council.
  2533 | D:2      | Found a sacrificial altar of Ru.
  2541 | D:2      | Became a worshipper of Ru the Awakened
  2589 | D:2      | Reached XP level 5. HP: 27/34 MP: 8/8
  4196 | D:4      | Gained mutation: You are hated by all. [Ru sacrifice]
  4196 | D:4      | Reached * piety under Ru
  4197 | D:4      | HP: 1/34 [orc (3)]
  4197 | D:4      | Slain by an orc

Skill      XL: |  1  2  3  4  5 |
---------------+----------------+-----
Transmutations | 3 |  3.7
Fighting       | 2 |  2.1
Dodging        | |  2.9
Unarmed Combat | |  3.6
Spellcasting   | |  2.7

Action                   |  1- 3 |  4- 6 || total
-------------------------+-------+-------++-------
Melee: Unarmed           |    43 |    80 ||   123
       Constrict         |    11 |    22 ||    33
       Kick              |     6 |    12 ||    18
       Tentacles         |     7 |    19 ||    26
       Punch             |     1 |     5 ||     6
 Cast: Beastly Appendage |     6 |    13 ||    19
Invok: Sacrifice Love    |       |     1 ||     1
  Use: Potion            |       |     3 ||     3
 Stab: Sleeping          |       |     2 ||     2
  Eat: Ration            |     1 |     2 ||     3
Armor: Skin              |       |    10 ||    10
Dodge: Dodged            |    25 |    46 ||    71
